 Dungeon Crawl Stone Soup version 0.29-a0-362-g5854e031c7 (webtiles) character file.

Game seed: 18056473785356410407

139 sammy202020 the Skirmisher (level 5, -2/42 HPs)
             Began as a Demonspawn Berserker on Apr 30, 2022.
             Was a Believer of Trog.
             Killed by nerve-wracking pain
             ... invoked by an orc priest
              (7 damage)
             ... on level 4 of the Dungeon.
             The game lasted 00:02:20 (2344 turns).

sammy202020 the Skirmisher (Demonspawn Berserker)   Turns: 2344, Time: 00:02:21

Health: -2/42      AC:  7    Str: 18    XL:     5   Next: 1%
Magic:  5/5        EV: 11    Int: 10    God:    Trog [**....]
Gold:   175        SH:  0    Dex: 12    Spells: 4/4 levels left

rFire   . . .      SeeInvis .   a - +0 hand axe
rCold   . . .      Faith    .   (no shield)
rNeg    . . .      Spirit   .   g - +0 ring mail
rPois   .          Reflect  .   (no helmet)
rElec   .          Harm     .   i - +1 cloak
rCorr   .          Rampage  .   (no gloves)
Will    .....                   (no boots)
Stlth   +.........              (no amulet)
HPRegen 0.14/turn               (no ring)
MPRegen 0.09/turn               (no ring)

@: no status effects
A: weakness stinger 1
a: Renounce Religion, Berserk, Trog's Hand


You were on level 4 of the Dungeon.
You worshipped Trog.
Trog was pleased with you.
You visited 1 branch of the dungeon, and saw 4 of its levels.

You collected 175 gold pieces.

Inventory:

Hand Weapons
 a - a +0 hand axe (weapon)
 h - a +0 hunting sling
Missiles
 e - a throwing net (quivered)
 k - 4 poisoned darts
Armour
 g - a +0 ring mail (worn)
 i - a +1 cloak (worn)
Wands
 q - a wand of iceblast (2)
Scrolls
 b - 2 scrolls of immolation {unknown}
 c - a scroll of summoning
 d - a scroll of identify
 l - 2 scrolls of teleportation
 m - a scroll of amnesia {unknown}
 p - a scroll of silence {unknown}
Potions
 f - a potion of brilliance
 j - 2 potions of flight {unknown}
 n - a potion of attraction {unknown}
 o - a potion of mutation {unknown}


   Skills:
 * Level 4.1 Fighting
 * Level 3.6 Axes
 + Level 2.4 Armour
 + Level 2.5 Dodging


You had 4 spell levels left.
You didn't know any spells.
Your spell library was empty.

Dungeon Overview and Level Annotations

Branches:
Dungeon (4/15)
 Temple: D:4-7

Altars:


Innate Abilities, Weirdness & Mutations

You have a small tail.


Message History

You kill the orc priest!
Trog accepts your kill.
Your Fighting skill increases to level 4!
You have reached level 5!
You hit the orc. You tail-slap the orc.
The orc is severely wounded.
The orc closely misses you.
You hit the orc.
You kill the orc!
Trog accepts your kill.
You barely miss the orc priest.
Your tail-slap misses the orc priest.
You feel the effects of Trog's Hand fading.
The orc priest hits you with a +0 club. The orc priest barely misses you.
You completely miss the orc priest.
Your tail-slap misses the orc priest.
The orc priest barely misses you.
You hit the orc priest.
Your tail-slap misses the orc priest.
The orc priest is lightly wounded.
The orc priest closely misses you.
You completely miss the orc priest.
The orc priest is lightly wounded.
The orc priest barely misses you.
You hit the orc priest but do no damage.
The orc priest is lightly wounded.
The orc priest invokes the aid of Beogh against you.
Beogh smites you!
* * * LOW HITPOINT WARNING * * *
You barely miss the orc priest.
The orc priest is lightly wounded.
The orc priest hits you with a +0 club.
* * * LOW HITPOINT WARNING * * *
You hit the orc priest.
The orc priest is moderately wounded.
Your skin stops crawling.
You feel less strong-willed. The orc priest hits you with a +0 club.
* * * LOW HITPOINT WARNING * * *
You barely miss the orc priest.
The orc priest is moderately wounded.
The orc priest invokes the aid of Beogh against you.
Pain shoots through your body!
You die...

## #.
##.
##.##
#.<.#
#.##[#
#.# #
#@#
#o#
#.#
[..
.## #.
#. #.


You could see an orc priest.

Vanquished Creatures
  An orc priest (D:4)
  An iguana (D:2)
  4 adders (D:2)
  A dart slug (D:3)
  An orc (D:4)
  3 bats
  6 endoplasms
  A giant cockroach (D:2)
  A goblin (D:1)
  2 hobgoblins (D:2)
  6 jackals
  3 kobolds
  3 quokkas (D:1)
  4 ball pythons
  5 frilled lizards
  5 rats
47 creatures vanquished.

Notes
Turn   | Place    | Note
-------+----------+-------------------------------------------
     0 | D:1      | sammy202020 the Demonspawn Berserker began the quest for
                  | the Orb.
     0 | D:1      | Reached XP level 1. HP: 18/18 MP: 1/1
   585 | D:1      | Gained mutation: You have a small tail. [demonic ancestry]
   585 | D:1      | Reached XP level 2. HP: 5/24 MP: 2/2
  1087 | D:1      | Found a faded altar of an unknown god.
  1095 | D:1      | You fall into a shaft and drop 1 floor!
  1146 | D:2      | Reached ** piety under Trog
  1147 | D:2      | Reached XP level 3. HP: 23/29 MP: 3/3
  1406 | D:2      | Reached XP level 4. HP: 37/37 MP: 4/4
  2335 | D:4      | Reached skill level 4 in Fighting
  2335 | D:4      | Reached XP level 5. HP: 17/42 MP: 5/5
  2344 | D:4      | Killed from afar by an orc priest

Illustrated notes

Levels and vault maps discovered:
D:1:      tarquinn_simple_flora_water_a, layout_loops_ring,
          basic_ecumenical_altar
D:2:      layout_rooms
D:3:      layout_rooms, hangedman_glass_teeth
D:4:      layout_loops_cross, elyvilon_altar_1, enter_ossuary_5, goddamned_bats

Skill      XL: |  1  2  3  4 |
---------------+-------------+-----
Dodging        | 2 |  2.5
Armour         | 2 |  2.4
Axes           | 3 |  3.6
Fighting       | 4 |  4.1

Action                   |  1- 3 |  4- 6 || total
-------------------------+-------+-------++-------
Melee: Hand axe          |   111 |    42 ||   153
       Tailslap          |     9 |     6 ||    15
Invok: Trog's Hand       |       |     1 ||     1
  Use: Scroll            |       |     5 ||     5
 Stab: Sleeping          |     3 |       ||     3
Armor: Animal skin       |     5 |       ||     5
       Ring mail         |    28 |    13 ||    41
Dodge: Dodged            |    87 |    23 ||   110

Table legend: (Time is in decaauts)
 A = Elapsed time spent in this place.
 B = Non-inter-level travel time spent in this place.
 C = Inter-level travel time spent in this place.
 D = Time resting spent in this place.
 E = Time spent auto-exploring this place.
 F = Levels seen in this place.
 G = Mean time per level.
                   A        B        C        D        E       F      G
               +--------+--------+--------+--------+--------+-----+--------+
         Total |   2365 |   2349 |     16 |    237 |   1718 |   4 |  591.2 |
       Dungeon |   2365 |   2349 |     16 |    237 |   1718 |   4 |  591.2 |
               +--------+--------+--------+--------+--------+-----+--------+

Top non-repeatable levels by time:
     D:1: 1102 daAuts
     D:2: 828 daAuts
     D:3: 412 daAuts
     D:4: 22 daAuts
